 Dungeon Crawl Stone Soup version 0.29.0-11-gd7f09526c8 (webtiles) character file.

Game seed: 5252233298911821714

0 Lochraine the Magician (level 1, -3/15 HPs)
             Began as a Djinni Fire Elementalist on Sept 6, 2022.
             Slain by a goblin
             ... wielding a +0 club
              (4 damage)
             ... on level 1 of the Dungeon.
             The game lasted 00:00:37 (94 turns).

Lochraine the Magician (Djinni Fire Elementalist)     Turns: 94, Time: 00:00:38

Health: -3/15      AC:  2    Str:  7    XL:     1   Next: 11%
Gold:   2          EV: 12    Int: 16    God:
                   SH:  0    Dex: 13

rFire   + + .      SeeInvis .   (no weapon)
rCold   x . .      Faith    .   (no shield)
rNeg    . . .      Spirit   .   a - +0 robe
rPois   ∞          Reflect  .   (no helmet)
rElec   .          Harm     .   (no cloak)
rCorr   .          Rampage  .   (no gloves)
Will    .....                   (boots unavailable)
Stlth   ++........              (no amulet)
HPRegen 0.05/turn               (no ring)
MPRegen 0.00/turn               (no ring)

@: flying, very slightly contaminated
A: sickness immunity, fire resistance 2, cold vulnerability 1, float, innate
caster, HP casting, extra vitality 1
a: no special abilities


You were on level 1 of the Dungeon.
You visited 1 branch of the dungeon, and saw 1 of its levels.

You collected 2 gold pieces.

Inventory:

Armour
 a - a +0 robe (worn)
Scrolls
 b - a scroll of immolation {unknown}
 c - a scroll of identify {unknown}


   Skills:
 - Level 2.1 Dodging
 - Level 1.5 Stealth
 + Level 2.4 Spellcasting


You couldn't memorise any spells.
You knew the following spells:

 Your Spells              Type           Power      Damage    Failure   Level
a - Foxfire               Conj/Fire      36%        2x1d5     8%          1
b - Scorch                Fire           18%        2d6       11%         2
c - Inner Flame           Hex/Fire       9%         N/A       22%         3
d - Conjure Flame         Conj/Fire      9%         6-21      22%         3
e - Flame Wave            Conj/Fire      9%         2d6       58%         4
Your spell library was empty.

Dungeon Overview and Level Annotations

Branches:
Dungeon (1/15) Zot: 5905

Altars:


Innate Abilities, Weirdness & Mutations

You are immune to sickness and miasma.
You are immune to poison.
Your flesh is very heat resistant. (rF++)
You are vulnerable to cold. (rC-)
You float through the air rather than walking.
You learn spells naturally, not from books.
Your magical power is your life essence.
You have superior vitality. (+4 MHP)


Message History

You now have 2 gold pieces.
You reach down and open the door.
There is an open door here.
You reach down and open the door.
There is an open door here.
A goblin comes into view. It is wielding a +0 club.
You aren't experienced enough to cast this spell.
A bat comes into view.
The goblin shouts!
You conjure some foxfire!
The goblin hits you with a +0 club.
The foxfire hits the goblin.
The goblin hits you but does no damage.
A quokka comes into view.
The bat hits you. The bat attacks as you move away!
The bat hits you but does no damage. x2
The bat hits you.
You miscast Foxfire.
You are very lightly contaminated with residual magic.
Nothing appears to happen.
The bat hits you but does no damage. x2
You conjure some foxfire!
The bat closely misses you. The bat barely misses you.
The goblin hits you with a +0 club. The bat closely misses you.
The bat misses you. The goblin barely misses you.
The foxfire hits the bat but does no damage.
The bat barely misses you. The bat misses you. The bat closely misses you.
The bat barely misses you.
You conjure some foxfire!
* * * LOW HITPOINT WARNING * * *
The bat closely misses you.
The foxfire hits the bat.
You kill the bat!
Your magical contamination has completely faded away.
The foxfire hits the quokka.
The quokka closely misses you. The quokka attacks as you move away!
The quokka barely misses you. The quokka misses you.
The quokka attacks as you move away! The quokka closely misses you.
A hobgoblin comes into view.
Found a dagger and 11 gold pieces.
Found a stone staircase leading down.
You conjure some foxfire!
* * * LOW HITPOINT WARNING * * *
The quokka bites you but does no damage.
The foxfire hits the goblin.
The foxfire hits the quokka but does no damage.
The quokka barely misses you.
You miscast Foxfire.
You are very lightly contaminated with residual magic.
Nothing appears to happen.
* * * LOW HITPOINT WARNING * * *
The quokka bites you.
* * * LOW HITPOINT WARNING * * *
The goblin hits you with a +0 club.
You die...

#.........# ..
#.........# #..
#.........# ... g
#########'##..# ..
#.......... ...#
####.#.#######
....>######....#r#
#...#g...####.#
#.@r#### #.#
.$...........)...#
#################.
.


You could see a quokka, a hobgoblin (asleep) and a goblin.

Vanquished Creatures
  A bat (D:1)
1 creature vanquished.

Vanquished Creatures (others)
  5 foxfires (D:1)
5 creatures vanquished.

Grand Total: 6 creatures vanquished

Notes
Turn   | Place    | Note
-------+----------+-------------------------------------------
     0 | D:1      | Lochraine the Djinni Fire Elementalist began the quest for
                  | the Orb.
     0 | D:1      | Lochraine set off with the following spells memorised:
                  | Foxfire, Scorch, Conjure Flame, Inner Flame, Flame Wave.
     0 | D:1      | Reached XP level 1. HP: 15/15 MP: 0/0
    94 | D:1      | Slain by a goblin

Illustrated notes

Levels and vault maps discovered:
D:1:      minmay_arrival_widening_spiral_wide, layout_basic,
          hellmonk_ecumenical_altar_leap_of_faith

Action                   || total
-------------------------++-------
 Cast: Foxfire           ||     4
Armor: Robe              ||     6
Dodge: Dodged            ||    15
